 Dungeon Crawl Stone Soup version 0.25-a0-566-g062765be81 (webtiles) character file.

Game seed: 17093389145623203747, levelgen mode: deterministic

8485 kae the Jinx (level 11, 0/50 HPs)
             Began as a Felid Enchanter on Feb 27, 2020.
             Was an Elder of Dithmenos.
             Slain by a five-headed hydra (9 damage)
             ... on level 2 of the Lair of Beasts.
             The game lasted 00:18:24 (16464 turns).

kae the Jinx (Felid Enchanter)                     Turns: 16464, Time: 00:18:25

Health: 0/50       AC:  2    Str:  9    XL:     11   Next: 10%
Magic:  16/22      EV: 23    Int: 24    God:    Dithmenos [****..]
Gold:   797        SH:  0    Dex: 16    Spells: 11/24 levels left
                                        Lives:  0   Deaths: 3

rFire    . . .     SeeInvis +     - Unarmed
rCold    . . .     Gourm    .   (shield unavailable)
rNeg     . . .     Faith    .   (armour unavailable)
rPois    .         Spirit   .   (helmet unavailable)
rElec    .         Reflect  .   (cloak unavailable)
rCorr    .         Harm     .   (gloves unavailable)
MR       +....                  (boots unavailable)
Stlth    ++++++++..             (no amulet)
HPRegen  0.16/turn              p - +3 ring of strength
MPRegen  0.18/turn              z - +5 ring of intelligence

@: wreathed by umbra, quick
A: very small, no armour, no weapons or thrown items, stealth, claws 1, fangs 3,
see invisible, carnivore, speed 1, shaggy fur 2, slow metabolism 1, sharp paws
a: Shadow Step, Renounce Religion


You were on level 2 of the Lair of Beasts.
You worshipped Dithmenos.
Dithmenos was greatly pleased with you.
You were not hungry.

You visited 3 branches of the dungeon, and saw 13 of its levels.
You also visited: Sewer.

You collected 797 gold pieces.

Inventory:

Jewellery
 k - an uncursed amulet of faith
 p - a +3 ring of strength (left paw)
 q - an uncursed amulet of rage
 x - an uncursed ring of flight
 z - a +5 ring of intelligence (right paw)
Wands
 a - a wand of enslavement (1)
 n - a wand of scattershot (9)
 v - a wand of digging (2)
 y - a wand of disintegration (16)
 A - a wand of paralysis (11)
Scrolls
 c - 5 scrolls of teleportation
 h - 4 scrolls of remove curse
 m - 2 scrolls of magic mapping
 o - a scroll of amnesia
 w - 2 scrolls of fog
Potions
 d - 3 potions of degeneration
 e - 2 potions of curing
 f - a potion of berserk rage
 g - 2 potions of mutation
 i - 6 potions of lignification
 j - a potion of invisibility {unknown}
 l - a potion of heal wounds
 r - 6 potions of flight
 s - a potion of brilliance
 t - 2 potions of haste {unknown}
 u - 3 potions of magic {unknown}
 B - a potion of stabbing
Comestibles
 b - 32 rations


   Skills:
 + Level 7.5 Fighting
 + Level 7.4 Dodging
 + Level 11.2 Stealth
 * Level 10.7 Unarmed Combat
 + Level 7.2 Spellcasting
 + Level 11.5 Hexes


You had 11 spell levels left.
You knew the following spells:

 Your Spells              Type           Power        Failure   Level  Hunger
a - Corona                Hex            ######.      1%          1    None
b - Ensorcelled Hibernat  Hex/Ice        #####.       1%          2    None
c - Confusing Touch       Hex            ######..     1%          3    None
d - Tukima's Dance        Hex            ######..     1%          3    None
e - Dazzling Flash        Conj/Hex       #####.       1%          3    None
f - Shock                 Conj/Air       #...         7%          1    None

Your spell library contained the following spells:

 Spells                   Type           Power        Failure   Level  Hunger
 Swiftness                Chrm/Air       #.......     11%         2    None
 Static Discharge         Conj/Air       #.......     22%         3    None
 Airstrike                Air            #.........   56%         4    ###....
 Lightning Bolt           Conj/Air       #.........   89%         5    #####..


Dungeon Overview and Level Annotations

Branches:
Dungeon (10/15)            Temple (1/1) D:4            Lair (2/6) D:9
  Sewer (visited)
  Swamp: Lair:2-4    Shoals: Lair:2-4     Snake: Lair:2-4    Spider: Lair:2-4
    Orc: D:9-12

Altars:
Ashenzari
Cheibriados
Dithmenos
Elyvilon
Fedhas
Gozag
Hepliaklqana
Kikubaaqudgha
Makhleb
Nemelex Xobeh
Okawaru
Qazlal
Ru
Sif Muna
Trog
Uskayaw
Vehumet
Wu Jian
Xom
Yredelemnul
Zin
The Shining One

Shops:
D:8 [

Annotations:
D:8 2 transporters, Wiebster667's ghost, novice HOMo


Innate Abilities, Weirdness & Mutations

You cannot wear armour.
You are incapable of wielding weapons or throwing items.
Your paws allow you to move quietly. (Stealth)
You have sharp claws.
You have razor-sharp teeth.
You have supernaturally acute eyesight. (SInv)
You are carnivorous and can eat meat at any time.
You cover ground quickly.
You are covered in thick fur. (AC +2)
You have a slow metabolism.
Your sharp claws are effective at attacking unaware monsters.


Message History

Confirm with . or Enter, or press ? or * to list all spells.
Your paws begin to glow red.
A wyvern comes into view.
The five-headed hydra bites you but does no damage.
The five-headed hydra bites you!! x2
* * * LOW HITPOINT WARNING * * *
The five-headed hydra completely misses you.
The five-headed hydra bites you.
* * * LOW HITPOINT WARNING * * *
The wyvern hisses angrily.
You scratch the five-headed hydra but do no damage.
The five-headed hydra appears confused.
You claw the five-headed hydra!
The five-headed hydra is moderately wounded.
You scratch the five-headed hydra.
The five-headed hydra is moderately wounded.
You claw the five-headed hydra!
The five-headed hydra is heavily wounded.
The five-headed hydra bites you!
You die...

#..... #....# #....# #....##
#....# . #....P# ##.....###.
#.....# #.......#.. #..lD.#
#P......... ###.... #..@.##
#P......... #......#
#.....#####.....P... #P....####
##....###.P#.........
#.......###P...................
##..............................
#...............................
#...................>....†......
#...............###.........P..
##....##.###...÷.###............


You could see a five-headed hydra (confused) and a wyvern.

Vanquished Creatures
  A hydra (Lair:1)
  A two-headed ogre (D:9)
  An unseen horror (D:10)
  Pikel (D:4)
  An ugly thing (D:10)
  2 black mambas
  6 spiny frogs
  A polar bear (Lair:2)
  A hornet (D:8)
  A hippogriff (Lair:1)
  12 yaks
  Eustachio (D:4)
  A hungry ghost (D:9)
  Menkaure (D:6)
  3 wargs (D:9)
  2 water moccasins
  Duvessa (D:4)
  2 orc warriors
  4 porcupines
  A sky beast (D:7)
  4 slaves (D:4)
  A black bear (Lair:2)
  2 phantoms
  2 necrophages (D:9)
  4 ogres
  6 centaurs
  6 wolves (Lair:2)
  2 crocodiles (Lair:2)
  2 big kobolds
  Blork the orc (D:6)
  7 bullfrogs
  Dowan (D:4)
  2 scorpions
  4 wights (D:7)
  6 killer bees (D:8)
  2 crimson imps (D:8)
  2 bullfrog zombies
  5 hounds
  4 jellies
  9 orc priests
  A gnoll shaman (D:8)
  A quasit (D:6)
  A bullfrog skeleton (D:4)
  2 iguanas
  7 orc wizards
  12 worker ants
  A killer bee zombie (D:9)
  7 gnolls
  17 adders
  A river rat (Sewer)
  3 shadow imps
  7 oozes
  2 adder skeletons
  5 worms
  9 leopard geckos
  14 orcs
  11 bats
  7 giant cockroaches
  5 goblins
  7 hobgoblins
  14 jackals
  3 quokkas
  6 ball pythons
  A ball python skeleton (D:4)
  8 frilled lizards
  23 kobolds
  8 rats
299 creatures vanquished.

Vanquished Creatures (others)
  A fungus (Lair:2)
1 creature vanquished.

Grand Total: 300 creatures vanquished

Notes
Turn   | Place    | Note
-------+----------+-------------------------------------------
     0 | D:1      | kae the Felid Enchanter began the quest for the Orb.
     0 | D:1      | Reached XP level 1. HP: 7/7 MP: 4/4
   209 | D:1      | Reached XP level 2. HP: 12/12 MP: 6/6
   589 | D:1      | Reached skill level 1 in Fighting
   781 | D:2      | Reached XP level 3. HP: 15/15 MP: 7/7
  1508 | D:1      | Learned a level 3 spell: Confusing Touch
  1511 | D:1      | Learned a level 2 spell: Ensorcelled Hibernation
  2211 | D:2      | Reached XP level 4. HP: 19/19 MP: 8/8
  2361 | D:2      | Slain by a worker ant
  2362 | D:2      | Reached XP level 3. HP: 0/15 MP: 1/7
  2424 | D:2      | Reached skill level 5 in Hexes
  2677 | D:2      | Found a sparkling altar of Nemelex Xobeh.
  2686 | D:2      | Reached XP level 4. HP: 3/19 MP: 3/8
  3431 | D:3      | Noticed a centaur
  3441 | D:3      | Killed a centaur
  3441 | D:3      | Reached skill level 5 in Stealth
  3441 | D:3      | Reached XP level 5. HP: 15/23 MP: 8/10
  4256 | D:4      | Noticed Duvessa
  4263 | D:4      | Noticed Pikel
  4263 | D:4      | Noticed a slave
  4282 | D:4      | Gained mutation: You are covered in thick fur. (AC +2)
                  | [Felid growth]
  4282 | D:4      | Reached XP level 6. HP: 21/27 MP: 8/11
  4366 | D:4      | Found a glowing drain.
  4415 | Sewer    | Entered a sewer
  5061 | D:4      | Reached XP level 7. HP: 31/31 MP: 9/13
  5104 | D:4      | Found a staircase to the Ecumenical Temple.
  5126 | Temple   | Entered the Ecumenical Temple
  5312 | Temple   | Became a worshipper of Dithmenos the Shadowed
  5378 | D:4      | Noticed Eustachio
  5442 | D:4      | Slain by a shadow imp
  5443 | D:4      | Reached XP level 6. HP: -4/28 MP: 7/12
  5480 | D:4      | Killed Eustachio
  5480 | D:4      | Reached skill level 5 in Unarmed Combat
  5480 | D:4      | Reached XP level 7. HP: 10/31 MP: 13/13
  5850 | D:4      | Killed Pikel
  5850 | D:4      | Reached XP level 8. HP: 36/36 MP: 1/15
  6386 | D:4      | Found an iron altar of Okawaru.
  6585 | D:4      | Noticed Dowan
  6709 | D:4      | Killed Duvessa
  6712 | D:4      | Killed Dowan
  6903 | D:5      | Entered Level 5 of the Dungeon
  7204 | D:5      | Reached * piety under Dithmenos
  7286 | D:5      | Found a snail-covered altar of Cheibriados.
  8042 | D:6      | Noticed Menkaure
  8057 | D:6      | Killed Menkaure
  8194 | D:6      | Identified the cursed +0 war axe "Ogreslayer" {vorpal, rF+
                  | rN+}
  8461 | D:6      | Found an opulent altar of Gozag.
  8502 | D:6      | Noticed Blork the orc
  8505 | D:6      | Killed Blork the orc
  8525 | D:6      | Reached skill level 5 in Spellcasting
  8525 | D:6      | Reached XP level 9. HP: 36/40 MP: 17/17
  8605 | D:6      | Found an ancient bone altar of Kikubaaqudgha.
  8643 | D:6      | Reached skill level 5 in Fighting
  9127 | D:6      | Found a radiant altar of Vehumet.
  9179 | D:6      | Found a blossoming altar of Fedhas.
 11350 | D:8      | Found a transporter.
 11350 | D:8      | Found a transporter.
 11351 | D:8      | Noticed Wiebster667's ghost (novice HOMo)
 11530 | D:8      | Reached ** piety under Dithmenos
 11556 | D:8      | Noticed a queen bee
 12144 | D:8      | Found Edwidgh's Armour Boutique.
 12397 | D:9      | Noticed a two-headed ogre
 12398 | D:9      | Found a shattered altar of Ashenzari.
 12402 | D:9      | Killed a two-headed ogre
 12402 | D:9      | Reached XP level 10. HP: 45/45 MP: 14/19
 12403 | D:9      | Found a burning altar of Makhleb.
 12404 | D:9      | Found a shimmering altar of Xom.
 12505 | D:9      | Found a staircase to the Lair.
 12959 | D:9      | Found a hide-covered altar of Uskayaw.
 13475 | D:10     | Entered Level 10 of the Dungeon
 13512 | D:10     | Reached skill level 5 in Dodging
 13512 | D:10     | Reached skill level 10 in Hexes
 13738 | D:10     | Reached *** piety under Dithmenos
 14176 | D:10     | Reached skill level 10 in Stealth
 14468 | D:10     | Noticed a white ugly thing
 14472 | D:10     | Killed a white ugly thing
 14486 | D:10     | Noticed an unseen horror
 14493 | D:10     | Killed an unseen horror
 14778 | Lair:1   | Entered Level 1 of the Lair of Beasts
 14825 | Lair:1   | Noticed a spiny frog
 14876 | Lair:1   | Killed a spiny frog
 14876 | Lair:1   | Reached XP level 11. HP: 49/49 MP: 21/21
 15104 | Lair:1   | Noticed a five-headed hydra
 15256 | Lair:1   | Killed a five-headed hydra
 15256 | Lair:1   | Reached skill level 10 in Unarmed Combat
 15519 | Lair:2   | Learned a level 3 spell: Tukima's Dance
 15523 | Lair:2   | Learned a level 3 spell: Dazzling Flash
 15525 | Lair:2   | Learned a level 1 spell: Shock
 15643 | Lair:2   | Slain by a yak
 15644 | Lair:2   | Reached XP level 10. HP: -4/47 MP: 1/21
 15744 | Lair:2   | Noticed a spiny frog
 15751 | Lair:2   | Killed a spiny frog
 16020 | Lair:2   | Noticed a spiny frog
 16027 | Lair:2   | Killed a spiny frog
 16042 | Lair:2   | Noticed a black mamba
 16048 | Lair:2   | Killed a black mamba
 16117 | Lair:2   | Noticed a spiny frog
 16124 | Lair:2   | Killed a spiny frog
 16124 | Lair:2   | Reached XP level 11. HP: 50/50 MP: 22/22
 16213 | Lair:2   | Reached **** piety under Dithmenos
 16455 | Lair:2   | Noticed a five-headed hydra
 16464 | Lair:2   | Slain by a five-headed hydra

Levels and vault maps discovered:
D:1:      lemuel_arrival_funnel, layout_loops_cross, corexii_leaking_fountain,
          minmay_pentomino_q2
D:2:      layout_basic, lemuel_round_altar, first_ration
D:3:      layout_loops_ring, chequers_serial_rivers_large_a
D:4:      layout_rooms, lemuel_round_altar, temple_pool_b, serial_glass,
          glass_columns_a, glass_columns_b, portal_sewer_entry_e, uniq_pikel,
          uniq_eustachio, uniq_duvessa
D:5:      layout_loops_corners, chequers_serial_rivers_micro_e,
          chei_slow_surprise
D:6:      nicolae_whirlpool, layout_loops_cross,
          nicolae_overflow_quartered_altars, kennysheep_pointless_box,
          uniq_menkaure, uniq_blork_the_orc
D:7:      layout_loops_corners
D:8:      layout_basic, serial_shops, kennysheep_mini, gammafunk_ghost_hive,
          hangedman_little_slice_of_home
D:9:      layout_roguey, lemuel_crystal_altar, grunt_temple_overflow_open,
          erik_lair_orcish_takeover, glass_columns_a
D:10:     layout_loops_ring
Temple:   minmay_temple_bridge_abc
Lair:1:   layout_roguey, serial_bayou_pond_b
Lair:2:   layout_long_grid, enter_volcano_4, lemuel_fruit_fields

Skill      XL: |  1  2  3  4  5  6  7  8  9 10 11 |
---------------+----------------------------------+-----
Fighting       | 1 2 3 4 5 6 7 |  7.5
Unarmed Combat | 2 3 5 6 7 8 9 10 | 10.7
Hexes          | 5 6 7 8 9 10 11 | 11.5
Stealth        | 5 6 7 8 9 11 | 11.2
Spellcasting   | 3 4 5 7 |  7.2
Dodging        | 4 7 |  7.4

Action                   |  1- 3 |  4- 6 |  7- 9 | 10-12 || total
-------------------------+-------+-------+-------+-------++-------
Melee: Unarmed           |   111 |   147 |   308 |   196 ||   762
       Bite              |     8 |     8 |    18 |    10 ||    44
       Punch             |       |     2 |     6 |     3 ||    11
 Cast: Corona            |    10 |     5 |    10 |     9 ||    34
       Ensorcelled Hiber |    10 |    39 |    88 |    93 ||   230
       Confusing Touch   |       |       |     9 |     6 ||    15
       Shock             |       |       |       |     6 ||     6
Evoke: Wand              |       |       |     1 |       ||     1
  Use: Scroll            |       |       |    21 |     2 ||    23
       Potion            |       |       |     3 |     1 ||     4
 Stab: Sleeping          |    18 |    34 |    71 |    62 ||   185
       Distracted        |     1 |       |       |       ||     1
       Confused          |       |       |     9 |     3 ||    12
  Eat: Chunk             |    10 |    13 |    20 |    14 ||    57
Armor: Skin              |     3 |    17 |    12 |     7 ||    39
Dodge: Dodged            |    82 |   149 |   230 |   195 ||   656

Table legend:
 A = Non-vault XP
 B = Vault XP
 C = Vault XP percentage of total XP
 D = Non-vault monster count
 E = Vault monster count
 F = Vault count percentage of total count
                 A         B        C        D         E       F
            +---------+---------+-------+---------+---------+-------
      Total |   16604 |    3283 |  16.5 |     246 |      48 |  16.3
            +---------+---------+-------+---------+---------+-------
        D:1 |      29 |       4 |  12.1 |      17 |       2 |  10.5
        D:2 |     139 |       0 |   0.0 |      24 |       0 |   0.0
        D:3 |     203 |       0 |   0.0 |      33 |       0 |   0.0
        D:4 |     970 |    1071 |  52.5 |      28 |       4 |  12.5
        D:5 |     268 |       6 |   2.2 |      17 |       1 |   5.6
        D:6 |     379 |     375 |  49.7 |      11 |       3 |  21.4
        D:7 |     603 |       0 |   0.0 |      14 |       0 |   0.0
        D:8 |    1405 |     162 |  10.3 |      26 |       8 |  23.5
        D:9 |    1676 |     617 |  26.9 |      11 |       8 |  42.1
       D:10 |    2827 |       0 |   0.0 |      30 |       0 |   0.0
     Lair:1 |    2314 |     884 |  27.6 |       7 |       4 |  36.4
     Lair:2 |    5791 |       0 |   0.0 |      28 |       0 |   0.0
      Sewer |       0 |     164 | 100.0 |       0 |      18 | 100.0
            +---------+---------+-------+---------+---------+-------
